 Dungeon Crawl Stone Soup version 0.26.1-11-gd32895ea62 (webtiles) character file.

Game seed: 3919345778667421947

259 Zeld the Sneak (level 6, 0/58 HPs)
             Began as an Octopode Brigand on May 14, 2021.
             Succumbed to a worker ant's poison
             ... on level 2 of the Dungeon.
             The game lasted 00:03:09 (3456 turns).

Zeld the Sneak (Octopode Brigand)                   Turns: 3456, Time: 00:03:09

Health: 0/58       AC: 23    Str: 13    XL:     6   Next: 17%
Magic:  10/10      EV:  2    Int: 13    God:
Gold:   138        SH:  0    Dex: 13    Spells: 10/10 levels left

rFire    . . .     SeeInvis .   a - +2 dagger
rCold    . . .     Faith    .   (no shield)
rNeg     + + +     Spirit   .   (helmet currently unavailable)
rPois    +         Reflect  .   (no amulet)
rElec    .         Harm     .   (no ring)
rCorr    .         Rampage  .   (no ring)
Will     .....     NoTele   +   (no ring)
Stlth    +++.......             (no ring)
HPRegen  0.19/turn              (no ring)
MPRegen  0.12/turn              (no ring)
                                (no ring)
                                (no ring)

@: lethally poisoned (0 -> -14), tree-form, attractive
A: almost no armour, stealthy swim, (amphibious), 8 rings, (constrict 8)
a: no special abilities


You were on level 2 of the Dungeon.
You were a tree.
You visited 1 branch of the dungeon, and saw 3 of its levels.
You also visited: Sewer.

You collected 138 gold pieces.

Inventory:

Hand Weapons
 a - a +2 dagger (weapon)
Missiles
 b - 8 poisoned darts (quivered)
 c - 2 curare-tipped darts
 g - 7 datura-tipped darts
Jewellery
 f - an uncursed ring of ice {unknown}
 m - an uncursed ring of ice {unknown}
 q - an uncursed ring of poison resistance {unknown}
 r - a +4 ring of protection {unknown}
Wands
 l - a wand of random effects (9)
 o - a wand of iceblast (9)
 w - a wand of polymorph (11)
Scrolls
 d - 3 scrolls of identify {unknown}
 e - a scroll of noise {unknown}
 h - 2 scrolls of teleportation {unknown}
 i - 2 scrolls of immolation {unknown}
 n - 4 scrolls of remove curse {unknown}
 s - a scroll of amnesia {unknown}
 t - a scroll of enchant weapon {unknown}
Potions
 v - a potion of haste {unknown}


   Skills:
 - Level 2.0 Fighting
 * Level 5.2 Short Blades
 - Level 2.0 Throwing
 - Level 1.0 Dodging
 - Level 5.3 Stealth
 + Level 2.8 Spellcasting


You had 10 spell levels left.
You didn't know any spells.
Your spell library was empty.

Dungeon Overview and Level Annotations

Branches:
Dungeon (3/15)              Sewer (visited)

Altars:

Annotations:
D:3 Natasha, Sigmund


Innate Abilities, Weirdness & Mutations

You cannot wear most types of armour.
You are very stealthy in the water. (Stealth+)
((You are amphibious.))
You can wear up to eight rings at the same time.
((You can use your tentacles to constrict eight enemies at once.))
((Your skin changes colour to match your surroundings (Stealth+).))
((Your rubbery body absorbs attacks. (AC +1, EV +1)))


Message History

Unknown command.
It was a potion of brilliance.
You feel clever all of a sudden.
* * * LOW HITPOINT WARNING * * *
You feel sick. The jackal barely misses you.
It was a potion of cancellation.
Your magical effects are unravelling.
You feel magically purged.
You feel a little less clever now.
* * * LOW HITPOINT WARNING * * *
You feel sick. The jackal misses you.
Okay, then.
It was a potion of lignification.
You turn into a tree.
Your roots penetrate the ground.
* * * LOW HITPOINT WARNING * * *
You feel sick.
The jackal bites you but does no damage. x2
It was a potion of attraction.
You feel attractive to monsters.
You die...

########## #.........
#.######## #.#
#############.########
#....B................
#.###h###.###.#.###.##
##'###♣##......#.###.##
#................##....
#.........##....###...#
#.........###...###.#.#
#.........##8...8##....
#.........###...#####..
#.........'##...##.....
#........####...######.
########## #8...⌠##....


You could see a worker ant and a jackal.

Vanquished Creatures
  A water moccasin (Sewer)
  Natasha (twice) (D:3)
  An adder (D:2)
  An ooze (D:2)
  2 dart slugs (D:1)
  2 leopard geckos (D:3)
  8 orcs
  11 bats
  5 giant cockroaches
  11 goblins
  8 hobgoblins
  7 jackals (D:1)
  2 ball pythons
  A frilled lizard (D:2)
  6 kobolds
  10 rats
78 creatures vanquished.

Notes
Turn   | Place    | Note
-------+----------+-------------------------------------------
     0 | D:1      | Zeld the Octopode Brigand began the quest for the Orb.
     0 | D:1      | Reached XP level 1. HP: 14/14 MP: 1/1
    83 | D:1      | Reached XP level 2. HP: 11/19 MP: 2/2
   529 | D:1      | Reached skill level 1 in Spellcasting
   701 | D:1      | Reached XP level 3. HP: 24/24 MP: 4/4
  1631 | D:2      | Reached XP level 4. HP: 29/29 MP: 6/6
  2451 | D:3      | Noticed Sigmund
  2603 | D:3      | Found a glowing drain.
  2603 | D:3      | Noticed Natasha
  2612 | D:3      | Killed Natasha
  2613 | D:3      | Reached XP level 5. HP: 13/34 MP: 6/8
  2634 | Sewer    | Entered a sewer
  3029 | Sewer    | Noticed a water moccasin
  3032 | Sewer    | Killed a water moccasin
  3033 | Sewer    | Reached skill level 5 in Short Blades
  3033 | Sewer    | Reached XP level 6. HP: 39/39 MP: 8/10
  3185 | D:3      | Noticed Natasha
  3193 | D:3      | Killed Natasha
  3443 | D:3      | Noticed Natasha
  3455 | D:2      | HP: 1/58 [poisoned by a worker ant]
  3456 | D:2      | Succumbed to a worker ant's poison

Illustrated notes

Levels and vault maps discovered:
D:1:      dpeg_arrival_leaves_temple_mockup, layout_loops_ring,
          minmay_fountain_box, minmay_misc_feat_rugged, minmay_pentomino_z2
D:2:      layout_basic, serial_corexii_hall, corexii_hall_statues_l,
          corexii_hall_statues_i
D:3:      layout_basic, portal_sewer_entry_b, serial_glass, glass_columns_a,
          glass_columns_a, uniq_sigmund, uniq_natasha

Skill      XL: |  1  2  3  4  5 |
---------------+----------------+-----
Spellcasting   | 1 2 |  2.8
Short Blades   | 3 4 5 |  5.2
Fighting       | |  2.0
Throwing       | |  2.0
Dodging        | |  1.0
Stealth        | |  5.3

Action                   |  1- 3 |  4- 6 || total
-------------------------+-------+-------++-------
Melee: Dagger            |    82 |    69 ||   151
       Constrict         |    22 |    20 ||    42
       Tentacles         |     9 |    12 ||    21
Evoke: Wand              |       |     2 ||     2
  Use: Potion            |       |     4 ||     4
 Stab: Sleeping          |     8 |     5 ||    13
       Distracted        |       |     1 ||     1
Armor: Skin              |     7 |     9 ||    16
Dodge: Dodged            |    51 |    52 ||   103
